[ AOE2 MATCH · #484790446 ]
1v1 RMChinese vs Maya
Player's team · LOSS
Rival team · WIN
[ REPLAY ANALYSIS · EXTRACTED FROM THE RECORDED GAME ]
Feudal
8:51
Castle
17:00
Imperial
—
| APM avg | 92.0 |
| APM peak | 125 |
| eAPM avg | 31.6 |
| Villagers / military | 82 / 61 |
Focus
⚔️ 34.2% · 🌾 65.8%
Skirmisher ×42 · Iron Pagoda ×17 · Archer ×2
Feudal
10:42
Castle
14:58
Imperial
—
| APM avg | 83.9 |
| APM peak | 151 |
| eAPM avg | 38.9 |
| Villagers / military | 44 / 70 |
Focus
⚔️ 59.6% · 🌾 40.4%
Plumed Archer ×45 · Mangonel ×22 · Scorpion ×3
Match map
Initial resources + every placement click. Lines = walls · curves = elevation contours. ◆ gold · ⬟ stone · ● berries · ✦ relic · ◌ wall gap
Your base· ✓ Closed at 17:00 · 7t walls · no gate
Oni.TheViper's base· Open — opponent sealed themselves in
Smoothed initial terrain · ◌ = detected wall gap · hover for details
Inputs per minute
— LRRRSD350A - - Oni.TheViper
Build order — LRRRSD350A
First 150 of 240 actions detected
| 0:00 | Research | Loom |
| 0:38 | Create | Villager (Male) |
| 0:38 | Create | Villager (Male) |
| 1:05 | Create | Villager (Male) |
| 1:30 | Create | Villager (Male) |
| 1:30 | Create | Villager (Male) |
| 2:06 | Create | Villager (Male) |
| 2:06 | Create | Villager (Male) |
| 2:28 | Create | Villager (Male) |
| 2:28 | Create | Villager (Male) |
| 2:45 | Create | Villager (Male) |
| 2:54 | Build | Lumber Camp |
| 3:10 | Create | Villager (Male) |
| 3:10 | Create | Villager (Male) |
| 3:10 | Create | Villager (Male) |
| 3:26 | Build | House |
| 3:32 | Create | Villager (Male) |
| 3:53 | Build | House |
| 4:00 | Create | Villager (Male) |
| 4:15 | Create | Villager (Male) |
| 4:50 | Create | Villager (Male) |
| 5:32 | Build | Mill |
| 5:37 | Create | Villager (Male) |
| 6:05 | Create | Villager (Male) |
| 6:37 | Research | Feudal Age |
| 6:37 | Research | Feudal Age |
| 7:00 | Build | Lumber Camp |
| 8:09 | Build | House |
| 8:21 | Create | Villager (Male) |
| 8:40 | Build | House |
| 8:51 | Age | Feudal Age |
| 8:53 | Research | Double-Bit Axe |
| 8:54 | Research | Horse Collar |
| 8:58 | Create | Villager (Male) |
| 9:17 | Build | House |
| 9:18 | Create | Villager (Male) |
| 9:19 | Build | Farm |
| 9:20 | Build | Farm |
| 9:21 | Build | Farm |
| 9:27 | Build | Farm |
| 9:56 | Create | Villager (Male) |
| 10:00 | Build | House |
| 10:02 | Build | Farm |
| 10:03 | Build | Farm |
| 10:09 | Create | Villager (Male) |
| 10:28 | Build | Farm |
| 10:35 | Build | House |
| 10:37 | Create | Villager (Male) |
| 10:49 | Build | Mining Camp |
| 11:09 | Create | Villager (Male) |
| 11:11 | Build | Farm |
| 11:33 | Build | Farm |
| 11:35 | Create | Villager (Male) |
| 11:49 | Build | House |
| 11:53 | Build | House |
| 11:54 | Build | House |
| 11:57 | Create | Villager (Male) |
| 12:00 | Build | House |
| 12:01 | Build | House |
| 12:24 | Build | Blacksmith |
| 12:34 | Create | Villager (Male) |
| 12:51 | Create | Villager (Male) |
| 12:55 | Build | House |
| 13:10 | Build | House |
| 13:11 | Build | House |
| 13:19 | Create | Villager (Male) |
| 13:31 | Build | Palisade Wall |
| 13:32 | Build | Palisade Wall |
| 13:32 | Build | Palisade Wall |
| 13:42 | Build | Market |
| 13:43 | Build | Palisade Wall |
| 13:44 | Build | Palisade Wall |
| 13:49 | Create | Villager (Male) |
| 14:16 | Build | House |
| 14:16 | Build | House |
| 14:16 | Build | House |
| 14:17 | Build | House |
| 14:20 | Research | Castle Age |
| 14:24 | Build | Palisade Wall |
| 14:34 | Build | House |
| 14:53 | Build | House |
| 15:05 | Build | Barracks |
| 15:24 | Build | House |
| 15:28 | Build | House |
| 15:29 | Build | House |
| 15:30 | Research | Fletching |
| 15:33 | Build | House |
| 15:34 | Build | House |
| 15:41 | Build | House |
| 15:45 | Build | House |
| 15:54 | Build | House |
| 15:58 | Build | House |
| 16:03 | Build | House |
| 16:04 | Build | House |
| 16:07 | Build | House |
| 16:09 | Build | Stone Wall |
| 16:17 | Create | Villager (Male) |
| 16:20 | Research | Padded Archer Armor |
| 16:23 | Build | Archery Range |
| 16:41 | Build | Archery Range |
| 17:00 | Age | Castle Age |
| 17:02 | Create | Skirmisher |
| 17:14 | Create | Skirmisher |
| 17:15 | Create | Villager (Male) |
| 17:20 | Create | Skirmisher |
| 17:20 | Create | Skirmisher |
| 17:23 | Research | Bodkin Arrow |
| 17:32 | Create | Skirmisher |
| 17:44 | Create | Villager (Male) |
| 18:05 | Research | Elite Skirmisher (upgrade) |
| 18:07 | Create | Villager (Male) |
| 18:17 | Create | Villager (Male) |
| 18:22 | Build | Farm |
| 18:22 | Build | Farm |
| 18:25 | Build | Farm |
| 18:26 | Build | Farm |
| 18:41 | Create | Skirmisher |
| 18:42 | Create | Skirmisher |
| 18:49 | Create | Villager (Male) |
| 18:52 | Build | Farm |
| 18:54 | Build | Farm |
| 18:56 | Create | Skirmisher |
| 19:15 | Create | Skirmisher |
| 19:16 | Create | Villager (Male) |
| 19:29 | Build | Siege Workshop |
| 19:35 | Create | Skirmisher |
| 19:35 | Create | Skirmisher |
| 19:39 | Build | House |
| 19:40 | Create | Villager (Male) |
| 19:46 | Create | Skirmisher |
| 19:57 | Create | Villager (Male) |
| 20:21 | Build | Mining Camp |
| 20:23 | Create | Iron Pagoda |
| 20:23 | Create | Iron Pagoda |
| 20:25 | Create | Skirmisher |
| 20:31 | Create | Villager (Male) |
| 20:39 | Create | Villager (Male) |
| 20:43 | Build | House |
| 20:50 | Create | Villager (Male) |
| 21:13 | Create | Villager (Male) |
| 21:26 | Create | Villager (Male) |
| 21:37 | Create | Skirmisher |
| 21:41 | Create | Villager (Male) |
| 22:14 | Create | Villager (Male) |
| 22:18 | Create | Villager (Male) |
| 22:22 | Create | Iron Pagoda |
| 22:28 | Build | Farm |
| 22:30 | Create | Skirmisher |
| 22:30 | Create | Skirmisher |
| 22:33 | Build | House |
Build order — Oni.TheViper
First 150 of 183 actions detected
| 0:00 | Research | Loom |
| 0:03 | Build | House |
| 0:09 | Create | Villager (Male) |
| 0:10 | Create | Villager (Male) |
| 0:10 | Create | Villager (Male) |
| 1:16 | Create | Villager (Male) |
| 1:50 | Create | Villager (Male) |
| 2:01 | Create | Villager (Male) |
| 2:30 | Build | Lumber Camp |
| 2:33 | Create | Villager (Male) |
| 2:34 | Build | House |
| 2:44 | Build | Lumber Camp |
| 2:45 | Create | Villager (Male) |
| 2:50 | Create | Villager (Male) |
| 3:12 | Create | Villager (Male) |
| 3:52 | Create | Villager (Male) |
| 3:59 | Build | House |
| 4:27 | Create | Villager (Male) |
| 4:34 | Create | Villager (Male) |
| 4:54 | Create | Villager (Male) |
| 4:56 | Create | Villager (Male) |
| 5:20 | Create | Villager (Male) |
| 5:27 | Create | Villager (Male) |
| 5:45 | Create | Villager (Male) |
| 5:59 | Create | Villager (Male) |
| 6:03 | Build | Mill |
| 6:32 | Create | Villager (Male) |
| 6:51 | Build | House |
| 6:57 | Build | Palisade Wall |
| 6:58 | Build | Palisade Wall |
| 6:58 | Build | Palisade Wall |
| 7:06 | Build | Palisade Wall |
| 7:19 | Build | Palisade Wall |
| 7:19 | Build | Palisade Wall |
| 7:31 | Build | Palisade Wall |
| 7:51 | Build | Palisade Wall |
| 7:56 | Build | Palisade Wall |
| 7:56 | Build | Palisade Wall |
| 8:00 | Create | Villager (Male) |
| 8:13 | Build | Palisade Wall |
| 8:13 | Build | Palisade Wall |
| 8:14 | Build | Palisade Wall |
| 8:14 | Build | Palisade Wall |
| 8:32 | Research | Feudal Age |
| 8:52 | Build | Mining Camp |
| 8:57 | Build | Palisade Wall |
| 8:59 | Build | Palisade Wall |
| 9:01 | Build | Palisade Wall |
| 9:04 | Build | Palisade Wall |
| 9:05 | Build | Palisade Wall |
| 9:06 | Build | Palisade Wall |
| 9:07 | Build | Palisade Wall |
| 9:31 | Create | Villager (Male) |
| 9:32 | Create | Villager (Male) |
| 9:53 | Build | Palisade Wall |
| 9:53 | Build | Palisade Wall |
| 10:28 | Build | Palisade Wall |
| 10:29 | Build | Palisade Wall |
| 10:42 | Age | Feudal Age |
| 10:48 | Build | Market |
| 10:50 | Build | Blacksmith |
| 12:18 | Research | Castle Age |
| 13:51 | Create | Villager (Male) |
| 13:55 | Build | House |
| 13:59 | Research | Double-Bit Axe |
| 14:03 | Build | Farm |
| 14:03 | Build | Farm |
| 14:06 | Build | Farm |
| 14:55 | Create | Villager (Male) |
| 14:58 | Age | Castle Age |
| 15:07 | Build | Castle |
| 15:14 | Build | Farm |
| 15:16 | Build | Farm |
| 15:16 | Build | Farm |
| 15:22 | Create | Villager (Male) |
| 15:24 | Build | Farm |
| 15:51 | Create | Villager (Male) |
| 16:04 | Create | Plumed Archer |
| 16:07 | Build | Mining Camp |
| 16:21 | Create | Plumed Archer |
| 16:28 | Create | Plumed Archer |
| 16:28 | Create | Plumed Archer |
| 16:53 | Research | Fletching |
| 16:55 | Create | Plumed Archer |
| 17:12 | Create | Villager (Male) |
| 17:24 | Create | Villager (Male) |
| 17:38 | Build | Siege Workshop |
| 17:46 | Create | Plumed Archer |
| 17:55 | Create | Plumed Archer |
| 18:08 | Build | Palisade Wall |
| 18:09 | Build | Palisade Wall |
| 18:12 | Build | Palisade Wall |
| 18:12 | Build | Palisade Wall |
| 18:36 | Create | Mangonel |
| 18:36 | Create | Mangonel |
| 18:49 | Create | Plumed Archer |
| 18:59 | Create | Plumed Archer |
| 19:13 | Research | Bodkin Arrow |
| 19:17 | Create | Villager (Male) |
| 19:40 | Create | Mangonel |
| 19:40 | Create | Mangonel |
| 19:56 | Build | Outpost |
| 20:28 | Create | Plumed Archer |
| 20:32 | Create | Plumed Archer |
| 20:41 | Research | Padded Archer Armor |
| 20:42 | Create | Villager (Male) |
| 20:54 | Create | Mangonel |
| 21:34 | Create | Villager (Male) |
| 21:51 | Build | Lumber Camp |
| 22:29 | Create | Plumed Archer |
| 23:02 | Create | Plumed Archer |
| 23:17 | Create | Plumed Archer |
| 23:21 | Create | Villager (Male) |
| 23:38 | Create | Mangonel |
| 24:16 | Create | Plumed Archer |
| 24:47 | Create | Mangonel |
| 25:24 | Create | Plumed Archer |
| 25:24 | Create | Plumed Archer |
| 25:46 | Create | Plumed Archer |
| 26:19 | Create | Mangonel |
| 26:58 | Create | Plumed Archer |
| 27:15 | Build | Mining Camp |
| 27:20 | Build | Mining Camp |
| 27:54 | Create | Mangonel |
| 27:56 | Create | Plumed Archer |
| 27:56 | Create | Plumed Archer |
| 28:19 | Create | Plumed Archer |
| 28:26 | Create | Plumed Archer |
| 29:01 | Create | Plumed Archer |
| 29:20 | Create | Mangonel |
| 29:38 | Create | Plumed Archer |
| 29:38 | Create | Plumed Archer |
| 29:39 | Create | Plumed Archer |
| 29:42 | Create | Villager (Male) |
| 30:05 | Create | Villager (Male) |
| 30:12 | Create | Mangonel |
| 30:35 | Create | Plumed Archer |
| 30:50 | Create | Villager (Male) |
| 30:58 | Create | Plumed Archer |
| 31:04 | Create | Plumed Archer |
| 31:04 | Create | Plumed Archer |
| 31:06 | Build | House |
| 31:11 | Create | Villager (Male) |
| 31:39 | Create | Mangonel |
| 31:40 | Create | Villager (Male) |
| 32:11 | Create | Plumed Archer |
| 32:11 | Create | Plumed Archer |
| 32:37 | Create | Villager (Male) |
| 33:05 | Create | Villager (Male) |
| 33:07 | Create | Villager (Male) |
Match timeline
| 6:57 | Oni.TheViper · wall_segment Palisade Wall x1 |
| 6:58 | Oni.TheViper · wall_segment Palisade Wall x1 |
| 6:58 | Oni.TheViper · wall_segment Palisade Wall x1 |
| 7:06 | Oni.TheViper · wall_segment Palisade Wall x1 |
| 7:19 | Oni.TheViper · wall_segment Palisade Wall x1 |
| 7:19 | Oni.TheViper · wall_segment Palisade Wall x1 |
| 7:31 | Oni.TheViper · wall_segment Palisade Wall x1 |
| 7:51 | Oni.TheViper · wall_segment Palisade Wall x3 |
| 7:56 | Oni.TheViper · wall_segment Palisade Wall x2 |
| 7:56 | Oni.TheViper · wall_segment Palisade Wall x1 |
| 8:13 | Oni.TheViper · wall_segment Palisade Wall x1 |
| 8:13 | Oni.TheViper · wall_segment Palisade Wall x1 |
| 8:14 | Oni.TheViper · wall_segment Palisade Wall x1 |
| 8:14 | Oni.TheViper · wall_segment Palisade Wall x1 |
| 8:51 | LRRRSD350A · age_up feudal |
| 8:57 | Oni.TheViper · wall_segment Palisade Wall x1 |
| 8:59 | Oni.TheViper · wall_segment Palisade Wall x1 |
| 9:01 | Oni.TheViper · wall_segment Palisade Wall x1 |
| 9:04 | Oni.TheViper · wall_segment Palisade Wall x1 |
| 9:05 | Oni.TheViper · wall_segment Palisade Wall x1 |
| 9:06 | Oni.TheViper · wall_segment Palisade Wall x1 |
| 9:07 | Oni.TheViper · wall_segment Palisade Wall x1 |
| 9:53 | Oni.TheViper · wall_segment Palisade Wall x1 |
| 9:53 | Oni.TheViper · wall_segment Palisade Wall x1 |
| 10:28 | Oni.TheViper · wall_segment Palisade Wall x2 |
| 10:29 | Oni.TheViper · wall_segment Palisade Wall x1 |
| 10:42 | Oni.TheViper · age_up feudal |
| 11:37 | Oni.TheViper · first_market_sell 100 wood |
| 13:31 | LRRRSD350A · wall_segment Palisade Wall x1 |
| 13:32 | LRRRSD350A · wall_segment Palisade Wall x1 |
| 13:32 | LRRRSD350A · wall_segment Palisade Wall x1 |
| 13:43 | LRRRSD350A · wall_segment Palisade Wall x1 |
| 13:44 | LRRRSD350A · wall_segment Palisade Wall x1 |
| 14:24 | LRRRSD350A · wall_segment Palisade Wall x1 |
| 14:58 | Oni.TheViper · age_up castle |
| 15:05 | LRRRSD350A · first_building Barracks |
| 15:07 | Oni.TheViper · first_building Castle |
| 16:09 | LRRRSD350A · wall_segment Stone Wall x1 |
| 16:23 | LRRRSD350A · first_building Archery Range |
| 16:39 | LRRRSD350A · first_market_buy 100 wood |
| 17:00 | LRRRSD350A · age_up castle |
| 17:38 | Oni.TheViper · first_building Siege Workshop |
| 18:08 | Oni.TheViper · wall_segment Palisade Wall x1 |
| 18:09 | Oni.TheViper · wall_segment Palisade Wall x1 |
| 18:12 | Oni.TheViper · wall_segment Palisade Wall x1 |
| 18:12 | Oni.TheViper · wall_segment Palisade Wall x1 |
| 19:29 | LRRRSD350A · first_building Siege Workshop |
| 21:34 | LRRRSD350A · first_market_sell 100 wood |
| 22:40 | Oni.TheViper · first_market_buy 100 wood |
| 45:49 | LRRRSD350A · resign |
[ AI ANALYSIS · 1 CREDIT ]
What really happened in this match?
Wolo.gg analyzes every decision: build order, eco, micro, common mistakes by bracket. Personalized analysis on WhatsApp or Discord in 30 seconds.
Civ guide
Chinese
Map guide
Arabia
Perfil
Jugador #5188554